 Dungeon Crawl Stone Soup version 0.30-a0-718-geaa24f58ff (webtiles) character file.

Game seed: 9195481757145169284

483 hikkokomori the Sneak (level 7, -12/37 HPs)
             Began as a Vine Stalker Fighter on Jan 26, 2023.
             Mangled by Pikel
             ... wielding a +0 whip of electrocution
              (15 damage)
             ... on level 5 of the Dungeon.
             The game lasted 00:05:10 (3078 turns).

hikkokomori the Sneak (Vine Stalker Fighter)        Turns: 3078, Time: 00:05:11

Health: -12/37     AC: 10    Str: 21    XL:     7   Next: 12%
Magic:  0/8        EV: 10    Int:  8    God:
Gold:   174        SH:  5    Dex: 13    Spells: 6/6 levels left

rFire   + . .      SeeInvis .    w - +2 morningstar (protect)
rCold   . . .      Faith    .    c - +0 buckler
rNeg    . . .      Spirit   +    v - +3 ring mail {rF+}
rPois   +          Reflect  .    A - +0 helmet
rElec   .          Harm     .    u - +0 cloak
rCorr   .          Rampage  .    (no gloves)
Will    .....                    (no boots)
Stlth   ++                       (no amulet)
HPRegen 1.06/turn                p - ring of poison resistance
MPRegen 0.11/turn                (no ring)

@: mighty
A: fangs 2, regeneration 1, magic shield, antimagic bite, no potion heal 2
a: no special abilities


You were on level 5 of the Dungeon.
You visited 1 branch of the dungeon, and saw 5 of its levels.

You collected 174 gold pieces.

Inventory:

Hand Weapons
 a - a +0 flail
 w - a +2 morningstar of protection (weapon)
Armour
 b - a +0 scale mail
 c - a +0 buckler (worn)
 u - a +0 cloak (worn)
 v - a +3 ring mail of fire resistance (worn)
 A - a +0 helmet (worn)
Jewellery
 p - a ring of poison resistance (left hand)
Scrolls
 e - a scroll of magic mapping {unknown}
 g - a scroll of summoning {unknown}
 i - 2 scrolls of amnesia {unknown}
 j - 2 scrolls of identify {unknown}
 m - 3 scrolls of teleportation {unknown}
 o - a scroll of poison {unknown}
 x - a scroll of blinking {unknown}
 y - 2 scrolls of fog {unknown}
 z - a scroll of immolation {unknown}
Potions
 f - 2 potions of invisibility {unknown}
 h - 2 potions of attraction {unknown}
 k - 3 potions of curing {unknown}
 l - 3 potions of mutation {unknown}
 n - a potion of magic {unknown}
 q - 2 potions of cancellation {unknown}
 r - a potion of berserk rage {unknown}
 s - a potion of degeneration {unknown}
 t - a potion of ambrosia {unknown}


   Skills:
 + Level 4.2 Fighting
 + Level 3.6 Maces & Flails
 - Level 2.4 Armour
 + Level 4.5 Stealth
 + Level 4.2 Shields


You had 6 spell levels left.
You didn't know any spells.
Your spell library contained the following spells:

 Spells                   Type           Power      Damage    Failure   Level
 Foxfire                  Conj/Fire      0%         2x1d4     67%         1
 Static Discharge         Conj/Air       0%         2-2/arc   80%         2
 Vhi's Electric Charge    Tloc/Air       0%         N/A       95%         3
 Arcjolt                  Conj/Air       0%         1d10      100%        5
 Lightning Bolt           Conj/Air       0%         1d11      100%        5


Dungeon Overview and Level Annotations

Branches:
Dungeon (5/15)
 Temple: D:4-7

Altars:

Shops:
D:2 [   D:4 *

Annotations:
D:5 Pikel


Innate Abilities, Weirdness & Mutations

You have extremely sharp teeth.
Your natural rate of healing is unusually fast.
When hurt, damage is shared between your health and your magic reserves.
Your bite disrupts and absorbs the magic of your enemies.
Potions cannot restore your health.


Message History

Your weapon exudes an aura of protection.
Pikel is moderately wounded.
Pikel says, "You'll make a fine lemure."
Pikel hits you with a +0 whip of electrocution.
You are electrocuted!
Pikel barely misses you.
A lemure comes into view. x2
You closely miss Pikel. You bite Pikel. You drain his power.
You feel invigorated.
Pikel is moderately wounded.
Pikel hits you but does no damage.
You are electrocuted!!
* * * LOW HITPOINT WARNING * * *
You are too injured to fight recklessly!
You are too injured to fight recklessly!
You are too injured to fight recklessly!
You are too injured to fight recklessly!
You are too injured to fight recklessly!
You are too injured to fight recklessly!
You are too injured to fight recklessly!
You are too injured to fight recklessly!
You are too injured to fight recklessly!
You are too injured to fight recklessly!
You are too injured to fight recklessly!
You are too injured to fight recklessly!
You are too injured to fight recklessly!
Sorry, you're not good enough to have a special ability.
You aren't carrying any items that you can evoke.
You feel very mighty all of a sudden.
Pikel says, "You'll make a fine lemure."
Pikel hits you with a +0 whip of electrocution.
* * * LOW HITPOINT WARNING * * *
A lemure comes into view.
You closely miss Pikel.
Pikel is moderately wounded.
The lemure hits you but does no damage.
Pikel hits you with a +0 whip of electrocution.
* * * LOW HITPOINT WARNING * * *
You barely miss Pikel. Your bite misses Pikel.
Pikel is moderately wounded.
Pikel hits you but does no damage.
You are electrocuted!
You die...

.............[# ......
..............# ##.....
.............####......
#..........†.........
##........###.#......
....##......###.##.#...
... #..............#...
#...#+#.##..####...
#$@.......... ####
#K5).?...#.## #...
..5.....###. #...
#.......## #.##
#......## #. #.....># #
# #.....## .. #.....#
.## #.### ##...


You could see Pikel and 2 lemures.

Vanquished Creatures
  A phantom (D:2)
  A scorpion (D:4)
  A hound (D:4)
  2 iguanas (D:4)
  An orc wizard (D:4)
  Robin (D:3)
  A gnoll (D:1)
  6 adders
  A white imp (D:5)
  An ufetubus (D:3)
  A worm (D:3)
  3 dart slugs
  18 orcs
  5 ball pythons
  12 endoplasms
  10 giant cockroaches
  17 goblins
  10 hobgoblins
  9 jackals (D:1)
  3 quokkas
  6 bats
  2 frilled lizards
  6 kobolds
  8 rats
126 creatures vanquished.

Notes
Turn   | Place    | Note
-------+----------+-------------------------------------------
     0 | D:1      | hikkokomori the Vine Stalker Fighter began the quest for
                  | the Orb.
     0 | D:1      | Reached XP level 1. HP: 11/11 MP: 2/2
   124 | D:1      | Reached XP level 2. HP: 16/16 MP: 3/3
   126 | D:1      | Reached skill level 1 in Stealth
   306 | D:1      | Reached XP level 3. HP: 17/20 MP: 4/4
   618 | D:2      | Gained mutation: Your natural rate of healing is unusually
                  | fast. [Vine Stalker growth]
   618 | D:2      | Reached XP level 4. HP: 23/24 MP: 5/5
   634 | D:2      | Found Aniafra's Armour Emporium.
   849 | D:2      | Noticed a phantom
   865 | D:2      | Killed a phantom
   866 | D:2      | Reached XP level 5. HP: 24/28 MP: 4/6
  1303 | D:3      | You fall into a shaft and drop 1 floor!
  1343 | D:4      | Found Yprikoo's Gadget Gallery.
  1383 | D:4      | Reached XP level 6. HP: 30/33 MP: 5/7
  2532 | D:3      | Found a faded altar of an unknown god.
  2534 | D:3      | Noticed Robin
  2557 | D:3      | Killed Robin
  2558 | D:3      | Reached XP level 7. HP: 37/37 MP: 8/8
  2584 | D:3      | Got Plato's Compilation of the Torch
  2962 | D:5      | Entered Level 5 of the Dungeon
  3072 | D:5      | Noticed Pikel
  3078 | D:5      | Mangled by Pikel

Illustrated notes

Levels and vault maps discovered:
D:1:      roderic_octagonal_star, layout_rooms, corexii_leaking_fountain
D:2:      layout_loops_cross, serial_shops, shop_statue
D:3:      layout_loops_cross, shapermc_ecumenical_altar_rom_forum, uniq_robin
D:4:      layout_layer_cave, serial_park_tiny_2, nicolae_shop_gadgets
D:5:      layout_basic, nzn_wu_jian_council_hall, uniq_pikel

Skill      XL: |  1  2  3  4  5  6 |
---------------+-------------------+-----
Maces & Flails | 2 3 |  3.6
Stealth        | 1 2 3 4 |  4.5
Fighting       | 3 4 |  4.2
Shields        | 3 4 |  4.2
Armour         | |  2.4

Action                     |  1- 3 |  4- 6 |  7- 9 || total
---------------------------+-------+-------+-------++-------
  Melee: Flail             |    90 |   159 |       ||   249
         Bite              |    16 |    38 |     7 ||    61
         Morningstar       |       |    56 |    38 ||    94
    Use: Potion            |       |       |     1 ||     1
   Stab: Sleeping          |       |     2 |     6 ||     8
 Armour: Scale mail        |    40 |    67 |       ||   107
         Ring mail         |       |    61 |    14 ||    75
  Dodge: Dodged            |    46 |    87 |    11 ||   144
  Block: Buckler           |    18 |    56 |     5 ||    79

Table legend: (Time is in decaauts)
 A = Elapsed time spent in this place.
 B = Non-inter-level travel time spent in this place.
 C = Inter-level travel time spent in this place.
 D = Time resting spent in this place.
 E = Time spent auto-exploring this place.
 F = Levels seen in this place.
 G = Mean time per level.
                   A        B        C        D        E       F      G
               +--------+--------+--------+--------+--------+-----+--------+
         Total |   3187 |   3107 |     80 |      0 |   2250 |   5 |  637.4 |
       Dungeon |   3187 |   3107 |     80 |      0 |   2250 |   5 |  637.4 |
               +--------+--------+--------+--------+--------+-----+--------+

Top non-repeatable levels by time:
     D:4: 1061 daAuts
     D:3: 743 daAuts
     D:2: 661 daAuts
     D:1: 596 daAuts
     D:5: 123 daAuts
